 Dungeon Crawl Stone Soup version 0.26-a0-8-gc4d20be (webtiles) character file.

Game seed: 10117411270557353379, levelgen mode: deterministic

32 thirtiethelement the Skirmisher (level 3, -26/30 HPs)
             Began as a Demonspawn Abyssal Knight on May 24, 2020.
             Was a Follower of Lugonu.
             Killed from afar by a ynoxinul (39 damage)
             ... with an iron shot
             ... on level 1 of the Abyss.
             The game lasted 00:00:37 (85 turns).

thirtiethelement the Skirmisher (DsAK)                Turns: 85, Time: 00:00:37

Health: -26/30     AC:  3    Str: 13      XL:     3   Next: 8%
Magic:  4/4        EV: 11    Int: 13      God:    Lugonu [*.....]
Gold:   0          SH:  0    Dex: 11 (12) Spells: 2/2 levels left

rFire    . . .     SeeInvis .   a - +1 falchion
rCold    . . .     Gourm    .   (no shield)
rNeg     . . .     Faith    .   b - +0 leather armour
rPois    .         Spirit   .   (no helmet)
rElec    .         Reflect  .   (no cloak)
rCorr    .         Harm     .   (no gloves)
MR       .....                  (no boots)
Stlth    +.........             (no amulet)
HPRegen  0.10/turn              (no ring)
MPRegen  0.09/turn              (no ring)

@: no status effects
A: hooves 1
a: Depart the Abyss, Renounce Religion


You were on level 1 of the Abyss.
You worshipped Lugonu.
Lugonu was aware of your devotion.
You were not hungry.

You visited 0 branches of the dungeon, and saw 0 of its levels.
You visited the Abyss 1 time.

Inventory:

Hand Weapons
 a - a +1 falchion (weapon)
Armour
 b - a +0 leather armour (worn)
Jewellery
 d - an uncursed amulet of magic regeneration {unknown}
Comestibles
 c - a ration


   Skills:
 + Level 3.6 Fighting
 + Level 2.1 Long Blades
 + Level 2.1 Armour
 + Level 1.0 Dodging
 + Level 2.6 Invocations


You had 2 spell levels left.
You didn't know any spells.
Your spell library was empty.

Dungeon Overview and Level Annotations

Branches:
Dungeon (0/15)

Altars:


Innate Abilities, Weirdness & Mutations

You have large cloven feet.


Message History

You feel your dexterity returning.
Your Long Blades skill increases to level 2!
Your Armour skill increases to level 2!
Your Dodging skill increases to level 1!
You have reached level 2!
Your demonic ancestry asserts itself...
Your feet thicken and deform.
You have reached level 3!
Your experience leads to an increase in your attributes!
Your base attributes are Str 12, Int 13, Dex 12.
Increase (S)trength, (I)ntelligence, or (D)exterity?
You feel stronger.
The substance of the Abyss twists violently, and a gateway leading out appears!
You start resting.
A small abomination comes into view.
A ynoxinul comes into view.
The ynoxinul gestures at you. The iron shot hits you!!!
Ouch! That really hurt!
You die...

.## ...# #
..# .# 3.#
##.# ..
##.#
..#..#
#...#....#
#@##.#
######...#
#..#...###
#..#..#
#.##..###
#. ##x##.
##..#
#..#...#
#.#.# ..#


You could see a ynoxinul and a small abomination.

Vanquished Creatures
  A quasit (Abyss:1)
1 creature vanquished.

Notes
Turn   | Place    | Note
-------+----------+-------------------------------------------
     0 | Abyss:1  | thirtiethelement the Demonspawn Abyssal Knight began the
                  | quest for the Orb.
     0 | Abyss:1  | Reached XP level 1. HP: 18/18 MP: 2/2
    32 | Abyss:1  | Noticed a quasit
    46 | Abyss:1  | Killed a quasit
    46 | Abyss:1  | Reached skill level 1 in Dodging
    46 | Abyss:1  | Gained mutation: You have large cloven feet. [demonic
                  | ancestry]
    46 | Abyss:1  | Reached XP level 2. HP: 8/25 MP: 3/3
    46 | Abyss:1  | Reached XP level 3. HP: 9/30 MP: 4/4
    76 | Abyss:1  | Noticed a small abomination
    85 | Abyss:1  | Noticed a ynoxinul
    85 | Abyss:1  | Killed from afar by a ynoxinul

Illustrated notes

Levels and vault maps discovered:
Abyss:1

Skill      XL: |  1 |
---------------+----+-----
Long Blades    | 2 |  2.1
Armour         | 2 |  2.1
Dodging        | 1 |  1.0
Fighting       | |  3.6
Invocations    | |  2.6

Action                   || total
-------------------------++-------
Melee: Falchion          ||    11
Armor: Leather armour    ||    15
Dodge: Dodged            ||    20
       Rpst.: Falchion   ||     4

Table legend:
 A = Non-vault XP
 B = Vault XP
 C = Vault XP percentage of total XP
 D = Non-vault monster count
 E = Vault monster count
 F = Vault count percentage of total count
                 A         B        C        D         E       F
            +---------+---------+-------+---------+---------+-------
      Total |      46 |       0 |   0.0 |       1 |       0 |   0.0
            +---------+---------+-------+---------+---------+-------
    Abyss:1 |      46 |       0 |   0.0 |       1 |       0 |   0.0
            +---------+---------+-------+---------+---------+-------
